 Dungeon Crawl Stone Soup version 0.31-a0-986-g5e6e4ef867 (webtiles) character file.

Game seed: 1864735699916176272

240152 promet the Severer (level 19, -9/147 (177) HPs)
             Began as a Hill Orc Fighter on Nov 7, 2023.
             Was the Champion of Wu Jian.
             Mangled by Donald
             ... wielding a +4 demon trident of draining
              (17 damage)
             ... on level 4 of the Swamp on Nov 9, 2023.
             The game lasted 05:59:17 (58274 turns).

promet the Severer (Hill Orc Fighter)              Turns: 58274, Time: 05:59:18

HP:   -9/147 (177)  AC: 29    Str: 39    XL:     19   Next: 77%
MP:   19/19         EV: 16    Int:  5    God:    Wu Jian [******]
Gold: 3112          SH:  0    Dex: 15    Spells: 9/18 levels left

rFire   . . .        a - +6 battleaxe "Esiel" {heavy, rN+ Will+ Dex+2}
rCold   . . .        (shield currently unavailable)
rNeg    + . .        Z - +0 crystal plate armour
rPois   +            t - +0 hat of Indecent Exposure {Str+6 Dex+3}
rElec   +            V - scarf {repulsion}
rCorr   .            (no gloves)
SInv    .            A - +2 pair of boots
Will    ++++.        T - necklace of Bloodlust {Fury *Rage Will++ Int-3 Slay+6} Stlth
                     g - ring "Lel Lul Kequ" {+Blink rElec Str+6}
HPRegen 0.44/turn    D - +5 ring of evasion
MPRegen 0.16/turn

%: random rage (50%), repel missiles
@: hasted, heavily drained, very quick
A: iridescent scales 1, poison resistance
}: 1/15 runes: serpentine
a: Renounce Religion, Evoke Blink, Wall Jump, Serpent's Lash, Heavenly Storm


You were on level 4 of the Swamp.
You worshipped Wu Jian.
Wu Jian was exalted by your worship.
You visited 8 branches of the dungeon, and saw 33 of its levels.
You also visited: Ossuary.

You collected 4696 gold pieces.
You spent 1584 gold pieces at shops.

Inventory:

Hand Weapons
 a - the +6 battleaxe "Esiel" (weapon) {heavy, rN+ Will+ Dex+2}
   (You acquired it on level 7 of the Dungeon)

   Dex+2:     It affects your dexterity (+2).
   rN+:       It protects you from negative energy.
   Will+:     It increases your willpower.
 b - a +0 longbow of freezing
 c - the +1 sling "Myunk" {flame, rN+}
   (You took it off an orc on level 2 of the Orcish Mines)

   rN+:       It protects you from negative energy.
 d - the +10 hand axe of the Wary Knives {protect, rC- rCorr MP+9 Int+6}
   (You took it off a centaur on level 10 of the Dungeon)

   Int+6:     It affects your intelligence (+6).
   rC-:       It makes you vulnerable to cold.
   MP+9:      It affects your magic capacity (+9).
   rCorr:     It protects you from acid and corrosion.
 e - the +6 quick blade "Hegareuf" {drain, rElec rPois Dex+3}
   (You found it on level 2 of the Orcish Mines)

   Dex+3:     It affects your dexterity (+3).
   rElec:     It insulates you from electricity.
   rPois:     It protects you from poison
 p - a +1 battleaxe of flaming
 r - the +2 shortbow of the Onslaught {speed, rF+}
   (You found it on level 1 of the Lair of Beasts)

   rF+:       It protects you from fire.
 x - a +4 morningstar of holy wrath
 H - the +9 sword of Zonguldrok {reap}
   (You found it on level 1 of the Depths)
Missiles
 G - 19 poisoned darts
 L - 8 curare-tipped darts
 W - 22 boomerangs (quivered)
Armour
 t - the +0 hat of Indecent Exposure (worn) {Str+6 Dex+3}
   (You acquired it on level 7 of the Dungeon)

   Str+6:     It affects your strength (+6).
   Dex+3:     It affects your dexterity (+3).
 v - a +2 kite shield of protection
 A - a +2 pair of boots (worn)
 V - a scarf of repulsion (worn)
 Z - a +0 crystal plate armour (worn)
Jewellery
 g - the ring "Lel Lul Kequ" (left hand) {+Blink rElec Str+6}
   (You acquired it on level 1 of the Dungeon)

   [ring of strength]

   Str+6:     It affects your strength (+6).
   rElec:     It insulates you from electricity.
   +Blink:    It lets you blink.
 i - a +6 ring of intelligence
 o - a +4 ring of protection
 q - a +6 ring of dexterity
 s - a ring of willpower
 D - a +5 ring of evasion (right hand)
 Q - a ring of see invisible
 T - the necklace of Bloodlust (around neck) {Fury *Rage Will++ Int-3 Slay+6}
   (You bought it in a shop on level 11 of the Dungeon)

   [amulet of nothing]

   Fury:      It extends the wearer's berserk rage when killing foes.
   Int-3:     It affects your intelligence (-3).
   Slay+6:    It affects your accuracy & damage with ranged weapons and melee
   (+6).
   Will++:    It greatly increases your willpower.
   *Rage:     It berserks you when you make melee attacks (+50% chance).
 X - the amulet "Razozi" {Faith Drain Regen+ Int+4}
   (You found it on level 3 of the Lair of Beasts)

   [amulet of faith]

   Faith:     It allows you to gain divine favour quickly.
   Int+4:     It affects your intelligence (+4).
   Regen+:    It increases your rate of health regeneration.
   Drain:     It drains your maximum health when unequipped.
 Y - the ring of Shadows {Umbra +Inv Stlth+}
   (You found it on level 15 of the Dungeon)

   [ring of stealth]

   Umbra:     It surrounds you with an aura of shadow, increasing your stealth
   and reducing the accuracy of all others within it.
   +Inv:      It lets you turn invisible.
   Stlth+:    It makes you more stealthy.
Wands
 j - a wand of polymorph (26)
 m - a wand of roots (35)
 z - a wand of flame (29)
 C - a wand of light (12)
 I - a wand of mindburst (29)
 J - a wand of digging (18)
 K - a wand of paralysis (13)
Scrolls
 w - 16 scrolls of teleportation
 B - a scroll of silence
 E - 3 scrolls of poison
 N - 3 scrolls of revelation
 R - 4 scrolls of fog
 S - a scroll of fear
Potions
 h - 9 potions of curing
 k - 3 potions of attraction
 l - a potion of invisibility
 n - 2 potions of resistance
 u - 6 potions of haste
 F - 3 potions of lignification
 M - a potion of mutation
 O - a potion of might
 P - a potion of ambrosia
 U - 4 potions of cancellation
Miscellaneous
 f - a tin of tremorstones (1/2)
 y - a phantom mirror (inert)


   Skills:
 + Level 17.5 Fighting
 + Level 9.2(10.0) Short Blades
 * Level 7.0(9.5) Long Blades
 + Level 20.5 Axes
 + Level 1.9(11.8) Maces & Flails
 + Level 2.4(2.7) Staves
 + Level 13.5 Ranged Weapons
 + Level 2.8 Throwing
 + Level 14.8 Armour
 * Level 8.2 Dodging
 + Level 3.5 Stealth
 + Level 6.5 Shields
 + Level 0.3 Spellcasting
 + Level 4.9 Conjurations
 + Level 4.6 Hexes
 + Level 3.5 Earth Magic
 + Level 10.3 Evocations


You had 9 spell levels left.
You knew the following spells:

 Your Spells              Type           Power      Damage    Failure   Level
a - Magic Dart            Conj           20%        1d4       52%         1
b - Dazzling Flash        Conj/Hex       8%         N/A       89%         3
c - Stone Arrow           Conj/Erth      8%         3d7       94%         3
d - Searing Ray           Conj           10%        2d4       67%         2

Your spell library contained the following spells:

 Spells                   Type           Power      Damage    Failure   Level
 Jinxbite                 Hex            8%         N/A       71%         2
 Sandblast                Erth           6%         2d5       73%         1
 Sigil of Binding         Hex            4%         N/A       91%         3
 Tukima's Dance           Hex            4%         N/A       91%         3
 Ensorcelled Hibernation  Hex/Ice        4%         N/A       95%         2
 Static Discharge         Conj/Air       4%         3-4/arc   95%         2
 Passwall                 Tmut/Erth      0%         N/A       98%         2
 Freeze                   Ice            0%         1d3       99%         1
 Hailstorm                Conj/Ice       2%         3d3       99%         3
 Blink                    Tloc           0%         N/A       100%        2
 Call Imp                 Summ           0%         N/A       100%        2
 Cigotuvi's Dreadful Rot  Necr/Pois/Air  0%         N/A       100%        2
 Call Canine Familiar     Summ           0%         N/A       100%        3
 Frozen Ramparts          Ice            0%         1d1       100%        3
 Ignite Poison            Fire/Tmut/Pois 0%         N/A       100%        3
 Mephitic Cloud           Conj/Pois/Air  1%         N/A       100%        3
 Ozocubu's Armour         Ice            0%         N/A       100%        3
 Volatile Blastmotes      Fire/Tloc      0%         2d10      100%        3
 Airstrike                Air            0%         2d(0-16)  100%        4
 Anguish                  Hex/Necr       1%         N/A       100%        4
 Animate Armour           Summ/Erth      2%         N/A       100%        4
 Brom's Barrelling Bould  Conj/Erth      4%         2d3       100%        4
 Dimensional Bullseye     Hex/Tloc       1%         N/A       100%        4
 Fulminant Prism          Conj/Hex       2%         3d5       100%        4
 Leda's Liquefaction      Hex/Erth       2%         N/A       100%        4
 Manifold Assault         Tloc           0%         N/A       100%        4
 Passage of Golubria      Tloc           0%         N/A       100%        4
 Petrify                  Tmut/Erth      1%         N/A       100%        4
 Summon Lightning Spire   Summ/Air       0%         N/A       100%        4
 Alistair's Intoxication  Tmut/Pois      0%         N/A       100%        5
 Borgnjor's Vile Clutch   Necr/Erth      0%         N/A       100%        5
 Freezing Cloud           Conj/Ice/Air   0%         6-21      100%        5
 Lee's Rapid Deconstruct  Erth           1%         3d4*      100%        5
 Metabolic Englaciation   Hex/Ice        1%         N/A       100%        5
 Yara's Violent Unravell  Hex/Tmut       1%         3d3       100%        5
 Bombard                  Conj/Erth      2%         9d1       100%        6
 Eringya's Noxious Bog    Tmut/Pois      0%         4d6       100%        6
 Simulacrum               Ice/Necr       0%         N/A       100%        6
 Starburst                Conj/Fire      1%         6d3       100%        6
 Maxwell's Capacitive Co  Air            0%         ∞         100%        8


Dungeon Overview and Level Annotations

Branches:
Dungeon (15/15)            Temple (1/1) D:7            Lair (5/5) D:11
  Swamp (4/4) Lair:3        Snake (4/4) Lair:3        Slime (0/5) Lair:4
    Orc (2/2) D:12            Elf (0/3) Orc:2        Vaults (0/5) D:14
 Depths (2/4) D:15           Hell (visited)         Ossuary (visited)
    Dis: Hell:1         Geh: Hell:1         Coc: Hell:1         Tar: Hell:1

Altars:
Ashenzari
Cheibriados
Dithmenos
Elyvilon
Fedhas
Gozag
Hepliaklqana
Makhleb
Nemelex Xobeh
Okawaru
Qazlal
Sif Muna
Trog
Uskayaw
Vehumet
Wu Jian
Xom
Yredelemnul
Zin
The Shining One
Beogh
Jiyva

Shops:
D:11 =   D:15 **   Orc:1 *   Orc:2 *(!(   Snake:1 (   Depths:1 (:

Portals:
Hell: Depths:1
Abyss: Depths:2
Pandemonium: Depths:1 Depths:2
Ziggurat: Depths:2
Trove: Depths:1 (lose all piety)

Annotations:
D:2 1 runed translucent door, Crazy Yiuf
D:8 4 transporters
Swamp:4 Donald
Depths:1 exclusion: orange crystal statue
Hell Geryon


Innate Abilities, Weirdness & Mutations

You are partially covered in iridescent scales. (AC +2)
Your system is resistant to poisons. (rPois)


Message History

You partially resist.
You feel drained.
The swamp drake bites you but does no damage.
You barely miss Donald. You slash the swamp drake! Donald closely misses you.
Donald hits you with a +4 demon trident of draining!!
You partially resist.
You feel drained. The swamp drake misses you. Donald blocks your attack.
You slash the swamp drake!
You kill the swamp drake!
The Council accepts your kill. Donald hits you but does no damage.
You partially resist.
As you read the scroll of fear, it crumbles to dust.
You assume a fearsome visage.
Donald resists with some effort.
Donald closely misses you.
Donald hits you with a +4 demon trident of draining!
* * * LOW HITPOINT WARNING * * *
You partially resist.
You feel drained.
Donald seems less confused.
Donald shimmers and vanishes!
Donald hits you from afar with a +4 demon trident of draining.
* * * LOW HITPOINT WARNING * * *
You partially resist.
You feel drained.
* * * LOW HITPOINT WARNING * * *
Donald says, "You're jumping off the walls?
I hate that."
Donald completely misses you.
You enter the shallow water.
Moving in this stuff is going to be slow.
Donald says, "The people that built this place?
They must be crazy."
Donald says, "Is there a plague of frogs happening, or something?
At least it's not locusts."
Donald hits you from afar with a +4 demon trident of draining!
* * * LOW HITPOINT WARNING * * *
You partially resist.
You feel drained.
* * * LOW HITPOINT WARNING * * *
You feel yourself speed up. Donald barely misses you.
Donald says, "I hate trees.
I hate swamp water.
I hate this place."
Donald hits you from afar with a +4 demon trident of draining!!
* * * LOW HITPOINT WARNING * * *
You partially resist.
You feel drained.
You recover from your berserk rage.
Donald attacks as he pursues you!
Donald hits you from afar with a +4 demon trident of draining!
You die...
Donald says, "I won.
I... don't hate that."

♣♣♣♣♣~♣♣~~~~~.~.~~~~~♣♣
♣~.~~♣..~....[~~...~♣♣♣♣♣ ♣♣
♣.~~......♣♣~~~.~~§~~♣♣~♣♣~♣
.~~~~~♣♣♣..♣.........§.~..♣
.~~.♣♣♣♣.....~~§...~..~~~.♣♣
~~~~.♣♣.~~.~~~÷~÷.~~~~.....♣♣
~~~~.♣~~~~~~~~~~[÷^~~~.[~~.~♣
~~~~♣♣♣~~~.♣.~~~~.♣♣.~.~~~.♣♣
.~~.♣♣♣♣..~♣♣...@♣♣♣♣..♣♣♣♣♣
.~~~~♣♣♣....~~(..♣♣ ♣~.~♣♣♣
♣.~~~~♣♣~.~§~.~~@.♣~♣.~.§§♣
♣~~§..♣♣♣~.~~§~~~~♣♣~~...♣♣
♣~......♣♣.~~~~.♣♣♣♣♣♣♣~~♣
♣♣♣.~....♣~.~††.♣ ♣§.~♣
♣♣†§~~~....~..♣♣♣ ♣♣♣♣♣
~♣.~~~~..~~..~.♣♣
~~~.~~~.~~~~~~~.♣♣ ♣


You could see Donald (fast, strong, reflecting).

Vanquished Creatures
  A caustic shrike (Depths:2)
  Vashnia (Snake:2)
  2 doom hounds (Depths:2)
  Grunn (Depths:2)
  Frances (Snake:2)
  2 thorn hunters (Swamp:4)
  Aizul (Snake:2)
  6 nagarajas
  A fire giant (Depths:1)
  2 frost giants (Depths:1)
  3 very ugly things (Depths:1)
  2 stone giants (Depths:1)
  2 orc warlords (Orc:2)
  3 caustic shrike skeletons (Depths:2)
  3 spriggan defenders (Depths:2)
  A vampire knight (Depths:1)
  6 eleionomae
  Azrael (D:13)
  A bunyip (Swamp:4)
  A lorocyproca (Depths:1)
  2 dire elephants (Depths:2)
  2 shambling mangroves
  4 ettins
  A fire dragon (Depths:1)
  4 rakshasas
  A great orb of eyes (D:15)
  A hell beast (Depths:1)
  An ice dragon (Depths:1)
  A salamander tyrant (Snake:4)
  27 hydras
  3 catoblepae
  5 boulder beetles
  11 anacondas
  4 two-headed ogres
  An ogre mage (D:14)
  2 spriggan air magi (Depths:2)
  10 alligators
  A death knight (D:15)
  10 naga warriors
  Urug (Orc:2)
  28 death yaks
  2 orc high priests (Orc:2)
  3 tengu warriors (Depths:2)
  3 spriggan berserkers (Depths:2)
  6 shock serpents
  A vampire mage (Depths:1)
  An occultist (Depths:1)
  Nergalle (Lair:3)
  5 large abominations (Depths:1)
  14 naga sharpshooters
  3 skysharks
  3 salamander mystics (Snake:4)
  2 goliath frogs
  3 deep trolls
  4 skeletal warriors (D:12)
  9 spriggan druids
  A death drake (shapeshifter) (D:15)
  7 naga ritualists
  10 swamp dragons
  3 glowing orange brains (Depths:1)
  3 bog bodies
  A sea snake (Snake:3)
  A deep elf archer (D:15)
  A lindwurm (Lair:3)
  An arcanist (D:15)
  9 mana vipers
  2 wolf spiders (D:15)
  A faun (shapeshifter) (D:15)
  6 orc knights
  An oklob plant (Lair:2)
  3 will-o-the-wisps
  8 orc sorcerers (Orc:2)
  6 ugly things
  14 salamanders
  A manticore (D:14)
  8 cyclopes
  10 elephants
  25 black mambas
  2 guardian serpents
  21 naga magi
  A smoke demon (Depths:1)
  26 cane toads
  3 gargoyles
  2 torpor snails (Lair:2)
  2 efreet
  A komodo dragon (shapeshifter) (D:14)
  3 tengu conjurers
  A freezing wraith (D:14)
  3 yaktaurs (D:15)
  14 komodo dragons
  7 trolls
  5 tyrant leeches
  Prince Ribbit (D:8)
  2 bloated husks
  14 hornets
  6 meliai
  A polar bear (Lair:1)
  27 slime creatures
  23 blink frogs
  A centaur simulacrum (D:14)
  31 spriggans
  A culicivora (shapeshifter) (D:13)
  9 wyverns
  2 wraiths
  A spriggan (shapeshifter) (D:15)
  2 shadows
  44 yaks
  4 fire elementals
  6 basilisks
  A steam dragon (D:9)
  20 vampire mosquitoes
  20 swamp worms
  33 nagas
  9 wargs
  An acid dragon (D:12)
  23 water moccasins
  3 hell hounds (D:13)
  28 orc warriors
  11 swamp drakes
  An ice beast (D:8)
  2 black bears (Lair:2)
  A sky beast (D:7)
  6 ogres
  4 wolves (Lair:2)
  3 centaurs
  A kobold brigand (D:8)
  Blork the orc (D:4)
  2 gnoll sergeants
  28 bullfrogs
  7 small abominations (Depths:1)
  A scorpion (D:3)
  5 wights
  8 killer bees
  A howler monkey (D:11)
  6 electric eels
  2 hounds
  24 orc priests
  A human zombie (Ossuary)
  5 jellies
  A gnoll bouda (D:5)
  A scorpion zombie (D:5)
  56 orc wizards
  2 iguanas
  A hound zombie (Ossuary)
  4 mummies (Ossuary)
  12 gnolls
  7 adders
  A river rat (D:4)
  2 shadow imps
  A white imp (D:7)
  2 adder zombies
  2 adder skeletons (D:5)
  3 worms
  100 orcs
  9 ball pythons
  7 endoplasms
  5 giant cockroaches
  11 goblins
  7 hobgoblins
  8 jackals
  12 kobolds
  4 quokkas
  3 training dummies (Snake:1)
  3 bats
  2 frilled lizards
  A goblin zombie (Ossuary)
  A hobgoblin zombie (Ossuary)
  A jackal zombie (Ossuary)
  2 kobold zombies (Ossuary)
  An orc zombie (Ossuary)
  6 rats
  3 rat zombies (Ossuary)
1148 creatures vanquished.

Vanquished Creatures (collateral kills)
  A spriggan air mage (Depths:2)
  A deep elf archer (Depths:2)
2 creatures vanquished.

Vanquished Creatures (others)
  2 death yak zombies (Depths:2)
  2 bloated husks
  A swamp worm (Swamp:1)
  A spriggan zombie (Depths:2)
  2 tengu zombies (Depths:2)
  An orc wizard (D:5)
  4 foxfires (Swamp:3)
13 creatures vanquished.

Grand Total: 1163 creatures vanquished

Notes
Turn   | Place    | Note
-------+----------+-------------------------------------------
     0 | D:1      | promet the Hill Orc Fighter began the quest for the Orb.
     0 | D:1      | Reached XP level 1. HP: 19/19 MP: 1/1
    59 | D:1      | Reached XP level 2. HP: 27/27 MP: 2/2
   336 | D:1      | Reached skill level 3 in Axes
   726 | D:1      | Reached XP level 3. HP: 33/33 MP: 3/3
   811 | D:1      | Identified a scroll of acquirement
   811 | D:1      | Acquired the ring "Lel Lul Kequ" {+Blink rElec Str+6}
  1311 | D:2      | Found a runed translucent door.
  1312 | D:2      | Noticed Crazy Yiuf
  1545 | D:2      | Reached skill level 4 in Axes
  1603 | D:2      | Reached XP level 4. HP: 36/40 MP: 4/4
  1908 | D:2      | Identified the +2 ring mail of Xom's Wrath {rC+ rN+ rCorr}
  2625 | D:3      | Noticed a scorpion
  2774 | D:3      | Killed a scorpion
  2775 | D:3      | Reached skill level 1 in Evocations
  2775 | D:3      | Reached XP level 5. HP: 47/47 MP: 5/5
  3081 | D:3      | Found a large runed translucent door.
  3082 | D:3      | Found a large runed translucent door.
  3688 | D:3      | Found a white marble altar of Elyvilon.
  3693 | D:3      | Found a snail-covered altar of Cheibriados.
  3771 | D:4      | Noticed a water moccasin
  3785 | D:3      | Killed a water moccasin
  3786 | D:3      | Reached skill level 5 in Axes
  3786 | D:3      | Reached skill level 1 in Ranged Weapons
  3786 | D:3      | Reached XP level 6. HP: 14/53 MP: 6/6
  4164 | D:4      | Reached skill level 1 in Dodging
  4188 | D:4      | Found a hide-covered altar of Uskayaw.
  4376 | D:4      | Noticed Blork the orc
  4386 | D:4      | Killed Blork the orc
  4446 | D:4      | Reached XP level 7. HP: 60/60 MP: 7/7
  5083 | D:5      | Entered Level 5 of the Dungeon
  5151 | D:5      | Found a blossoming altar of Fedhas.
  5236 | D:5      | Found a sand-covered staircase.
  5259 | Ossuary  | Entered an ossuary
  5277 | Ossuary  | Reached skill level 5 in Fighting
  5417 | Ossuary  | Reached skill level 6 in Axes
  6506 | D:5      | Found a glowing silver altar of Zin.
  6529 | D:5      | You fall into a shaft and drop 2 floors!
  6530 | D:7      | Acquired the +6 battleaxe "Esiel" {heavy, rN+ Will+ Dex+2}
  6531 | D:7      | Acquired the +0 hat of Indecent Exposure {Str+6 Dex+3}
  6562 | D:7      | Reached skill level 1 in Staves
  6609 | D:7      | Reached XP level 8. HP: 68/68 MP: 8/8
  6680 | D:7      | Reached skill level 5 in Armour
  6812 | D:7      | Found a staircase to the Ecumenical Temple.
  6820 | Temple   | Entered the Ecumenical Temple
  6847 | Temple   | Became a worshipper of the Wu Jian Council
  7643 | D:7      | Found a bloodstained altar of Trog.
  7843 | D:8      | Found a transporter.
  7845 | D:8      | Found a transporter.
  7846 | D:8      | Found a transporter.
  8168 | D:8      | Noticed a yak
  8183 | D:8      | Killed a yak
  8184 | D:8      | Reached skill level 7 in Axes
  8184 | D:8      | Reached XP level 9. HP: 73/74 MP: 9/9
  8321 | D:8      | Found a shimmering altar of Xom.
  8325 | D:8      | Reached * piety under Wu Jian
  8355 | D:8      | Found an iron altar of Okawaru.
  8399 | D:8      | Reached skill level 5 in Evocations
  8406 | D:8      | Reached skill level 8 in Axes
  8457 | D:8      | Found a transporter.
  8619 | D:8      | Found a broken altar of Ashenzari.
  9029 | D:8      | Reached skill level 5 in Ranged Weapons
  9122 | D:8      | Noticed Prince Ribbit
  9132 | D:8      | Killed Prince Ribbit
  9133 | D:8      | Reached skill level 9 in Axes
  9133 | D:8      | Reached XP level 10. HP: 51/84 MP: 10/10
  9573 | D:9      | Reached ** piety under Wu Jian
  9578 | D:9      | Reached skill level 1 in Maces & Flails
 10692 | D:9      | Reached skill level 10 in Axes
 10918 | D:10     | Entered Level 10 of the Dungeon
 10981 | D:10     | Noticed a gargoyle
 10987 | D:10     | Killed a gargoyle
 11946 | D:10     | Reached skill level 1 in Stealth
 12499 | D:10     | Reached XP level 11. HP: 92/92 MP: 11/11
 12756 | D:10     | Identified the +10 hand axe of the Wary Knives {protect,
                  | rC- rCorr MP+9 Int+6}
 13084 | D:10     | Reached skill level 11 in Axes
 13611 | D:11     | Noticed a boulder beetle
 13625 | D:11     | Killed a boulder beetle
 13933 | D:11     | Reached *** piety under Wu Jian
 14055 | D:11     | Found Ywar's Jewellery Shop.
 14103 | D:11     | Found a basalt altar of Yredelemnul.
 14155 | D:11     | Identified the +1 scimitar "Akistuac" {elec, Contam +Blink
                  | Int+2 Stlth+}
 14310 | D:11     | Noticed a death yak
 14310 | D:11     | Noticed a death yak
 14362 | D:10     | Killed a death yak
 14645 | D:11     | Noticed a death yak
 14645 | D:11     | Noticed a death yak
 14645 | D:11     | Noticed a death yak
 14646 | D:11     | Noticed a death yak
 14647 | D:11     | Noticed a death yak
 14691 | D:10     | Killed a death yak
 15095 | D:11     | Found a staircase to the Lair.
 15176 | D:11     | Killed a death yak
 15177 | D:11     | Reached skill level 12 in Axes
 15408 | D:11     | Bought the necklace of Bloodlust {Fury *Rage Will++ Int-3
                  | Slay+6} for 679 gold pieces
 15408 | D:11     | Found the necklace of Bloodlust {Fury *Rage Will++ Int-3
                  | Slay+6}
 15535 | D:10     | Killed a death yak
 15574 | D:11     | Killed a death yak
 15576 | D:11     | Killed a death yak
 15579 | D:11     | Killed a death yak
 15580 | D:11     | Reached XP level 12. HP: 103/103 MP: 12/12
 15840 | Lair:1   | Entered Level 1 of the Lair of Beasts
 15984 | Lair:1   | Identified the +2 shortbow of the Onslaught {speed, rF+}
 16097 | Lair:1   | Reached skill level 13 in Axes
 17024 | Lair:2   | Noticed a six-headed hydra
 17034 | Lair:2   | Killed a five-headed hydra
 17241 | Lair:2   | Reached **** piety under Wu Jian
 17489 | Lair:2   | Gained mutation: You occasionally lose the ability to drink
                  | potions when taking damage. [potion of mutation]
 17490 | Lair:2   | Lost mutation: You occasionally lose the ability to drink
                  | potions when taking damage. [potion of mutation]
 17490 | Lair:2   | Gained mutation: You are vulnerable to heat. (rF-) [potion
                  | of mutation]
 17491 | Lair:2   | Lost mutation: You are vulnerable to heat. (rF-) [potion of
                  | mutation]
 17491 | Lair:2   | Gained mutation: Your system is resistant to poisons.
                  | (rPois) [potion of mutation]
 17491 | Lair:2   | Gained mutation: You are partially covered in iridescent
                  | scales. (AC +2) [potion of mutation]
 17523 | Lair:2   | Learned a level 1 spell: Magic Dart
 17627 | Lair:2   | Reached skill level 14 in Axes
 17710 | Lair:2   | Reached skill level 10 in Evocations
 17978 | Lair:2   | Reached XP level 13. HP: 113/113 MP: 13/13
 18007 | Lair:2   | Reached skill level 10 in Fighting
 18302 | Lair:2   | Reached skill level 1 in Conjurations
 18306 | Lair:2   | Reached ***** piety under Wu Jian
 19383 | Lair:3   | Noticed Nergalle
 19390 | Lair:3   | Killed Nergalle
 19391 | Lair:3   | Reached skill level 15 in Axes
 19902 | Lair:2   | Reached skill level 1 in Throwing
 20669 | Lair:3   | Found a staircase to the Swamp.
 20691 | Lair:3   | Found a staircase to the Snake Pit.
 20993 | Lair:3   | Identified the amulet "Razozi" {Faith Drain Regen+ Int+4}
 21457 | Lair:3   | Reached XP level 14. HP: 124/124 MP: 14/14
 22261 | Lair:4   | Reached skill level 16 in Axes
 22996 | Lair:4   | Learned a level 3 spell: Dazzling Flash
 23000 | Lair:4   | Learned a level 3 spell: Stone Arrow
 23055 | Lair:4   | Found a viscous altar of Jiyva.
 23056 | Lair:4   | Found a staircase to the Slime Pits.
 23267 | Lair:5   | Entered Level 5 of the Lair of Beasts
 23277 | Lair:4   | Reached skill level 1 in Earth Magic
 23810 | Lair:5   | Reached skill level 5 in Dodging
 23970 | Lair:4   | Reached skill level 10 in Ranged Weapons
 24460 | Lair:5   | Reached skill level 17 in Axes
 24647 | Lair:5   | Reached ****** piety under Wu Jian
 25114 | Lair:5   | Reached XP level 15. HP: 126/134 MP: 15/15
 25141 | Lair:5   | Reached skill level 10 in Armour
 26058 | D:12     | Reached skill level 1 in Hexes
 26390 | D:12     | Found a staircase to the Orcish Mines.
 27197 | Orc:1    | Entered Level 1 of the Orcish Mines
 27307 | Orc:2    | Entered Level 2 of the Orcish Mines
 28007 | Orc:2    | Noticed Urug
 28021 | Orc:2    | Killed Urug
 28491 | Orc:2    | Noticed an orc warlord
 28634 | Orc:2    | Killed an orc warlord
 29017 | Orc:2    | Identified the +1 sling "Myunk" {flame, rN+}
 29265 | Orc:2    | Noticed an orc warlord
 29994 | Orc:2    | Found a roughly hewn altar of Beogh.
 30146 | Orc:2    | Identified the +6 quick blade "Hegareuf" {drain, rElec
                  | rPois Dex+3}
 30557 | Orc:2    | Killed an orc warlord
 31011 | Orc:2    | Found Odoamov's Antique Weapon Shop.
 31011 | Orc:2    | Found Reejyrch's General Store.
 31102 | Orc:2    | Found a staircase to the Elven Halls.
 31218 | Orc:1    | Found Samuyrche's General Store.
 31260 | Orc:1    | Bought a potion of heal wounds for 65 gold pieces
 31323 | Orc:2    | Found Umokk's Weapon Shop.
 31323 | Orc:2    | Found Kiblitir's Distillery.
 31337 | Orc:2    | Bought a potion of heal wounds for 60 gold pieces
 31347 | Orc:2    | Found a roughly hewn altar of Beogh.
 31380 | Orc:2    | Bought a scroll of acquirement for 780 gold pieces
 31382 | Orc:2    | Acquired 809 gold pieces
 32129 | D:13     | Noticed Azrael
 32136 | D:13     | Killed Azrael
 33018 | D:13     | Learned a level 2 spell: Searing Ray
 33907 | D:14     | Reached skill level 18 in Axes
 34360 | D:14     | Reached XP level 16. HP: 145/145 MP: 16/16
 34676 | D:14     | Found a gate to the Vaults.
 34809 | D:15     | Entered Level 15 of the Dungeon
 35243 | D:15     | Found Etumn's General Store.
 35245 | D:15     | Found Doid Bue's Specific Store.
 35708 | D:15     | Found the ring of Shadows {Umbra +Inv Stlth+}
 36676 | D:15     | Found a staircase to the Depths.
 36727 | D:15     | Noticed an azure jelly
 36755 | D:15     | Noticed a fenstrider witch
 37929 | Snake:1  | Entered Level 1 of the Snake Pit
 37929 | Snake:1  | Noticed a nagaraja
 37950 | Snake:1  | Killed a nagaraja
 37958 | Snake:1  | HP: 7/147 [black mamba (9)]
 38710 | Snake:1  | Reached skill level 1 in Short Blades
 38717 | Snake:1  | Found Boklemet's Firing Range.
 38878 | Snake:1  | Reached skill level 19 in Axes
 39798 | Snake:2  | Noticed Frances
 39800 | Snake:2  | Reached skill level 15 in Fighting
 39859 | Snake:2  | Killed Frances
 39897 | Snake:2  | Identified the serpent talisman of the Akabeko {rCorr Int+3
                  | Slay+3 Stlth+}
 39897 | Snake:2  | Noticed Aizul
 40376 | Snake:2  | Reached XP level 17. HP: 156/156 MP: 17/17
 40840 | Snake:2  | Killed Aizul
 42431 | Snake:3  | Noticed Vashnia
 42465 | Snake:2  | Killed Vashnia
 42549 | Snake:2  | Reached skill level 5 in Short Blades
 44122 | Snake:4  | Entered Level 4 of the Snake Pit
 44717 | Snake:4  | Reached skill level 5 in Shields
 47402 | Snake:4  | Reached XP level 18. HP: 166/166 MP: 18/18
 47868 | Snake:4  | Got a serpentine rune of Zot
 48227 | Vaults:5 | Identified the "Detot"
 48227 | Crypt:3  | Identified the of Saggug
 48227 | Crypt:3  | Identified the "Hoadidoc"
 48227 | Depths:1 | Entered Level 1 of the Depths
 48547 | Depths:1 | Found a portal to a secret trove of treasure.
 49418 | Depths:1 | Found Fumuducw's Antique Weapon Boutique.
 49498 | Depths:1 | Found Fyzis's Tremendous Tomes.
 49528 | Depths:1 | Found a gateway to Hell.
 49560 | Depths:1 | Found a one-way gate leading to the halls of Pandemonium.
 49608 | Depths:1 | Found a sparkling altar of Nemelex Xobeh.
 49946 | Depths:1 | Found the +9 sword of Zonguldrok {reap}
 50383 | Depths:4 | Identified the of Busotyep
 50383 | Hell     | Entered the Vestibule of Hell
 50383 | Hell     | Noticed Geryon
 50544 | Depths:2 | Reached skill level 1 in Long Blades
 51143 | Depths:2 | Noticed Grunn
 51143 | Depths:2 | Noticed a doom hound
 51145 | Depths:2 | Noticed a doom hound
 51151 | Depths:2 | Killed a doom hound
 51152 | Depths:2 | Killed Grunn
 51155 | Depths:2 | Killed a doom hound
 51505 | Depths:2 | Found a one-way gateway to a ziggurat.
 51518 | Depths:2 | Found a one-way gate to the infinite horrors of the Abyss.
 51931 | Depths:2 | Reached skill level 20 in Axes
 51934 | Depths:2 | HP: 7/168 [tengu warrior/+0 dire flail (12)]
 52406 | Depths:2 | Noticed a caustic shrike
 52412 | Depths:2 | Killed a caustic shrike
 52421 | Depths:2 | HP: 4/166 [spriggan rider/+0 spear (16)]
 52421 | Depths:2 | Identified the +2 giant club "Masuwk" {freeze, rElec rF+
                  | rC+}
 52421 | Depths:2 | Identified the +5 giant club of Youthful Indiscretion
                  | {flame, Stlth+}
 52501 | Depths:2 | Reached XP level 19. HP: 52/173 MP: 19/19
 53079 | Swamp:1  | Entered Level 1 of the Swamp
 53128 | Lair:3   | Reached skill level 5 in Long Blades
 54617 | Swamp:2  | Identified the +0 ring mail "Yti Afai" {+Inv}
 56093 | Swamp:4  | Entered Level 4 of the Swamp
 56287 | Swamp:4  | Identified the +1 robe of Negation {rF+++ Will- Dex-2
                  | Archmagi}
 58221 | Swamp:4  | Noticed Donald
 58272 | Swamp:4  | HP: 7/150 [Donald/+4 demon trident of draining (18)]
 58274 | Swamp:4  | Mangled by Donald

Illustrated notes

Levels and vault maps discovered:
D:1:      dpeg_arrival_arbitrary_b, layout_basic, minmay_misc_feat_diagonals,
          kennysheep_another_room
D:2:      layout_basic, uniq_crazy_yiuf_cottage
D:3:      layout_basic, jmf_multi_god_temple2, eino_tiny_chamber
D:4:      cheibrodos_old_hovel, layout_loops_ring, nicolae_uskayaw_dance_hall,
          mainiacjoe_sewer_entry_somewhere_in_here_2, serial_park_tiny_pond,
          uniq_blork_the_orc
D:5:      layout_rooms, nicolae_ru_great_annihilating_truth,
          mainiacjoe_overflow_concentric_impassable, zin_treasury,
          mainiacjoe_ossuary_entry_find_the_door, minmay_misc_feat_rugged,
          minmay_door_square, dk_noncrumbling_4, st_stairs_7,
          minmay_shop_damaged, serial_bayou_lagoon_b
D:7:      layout_gridville, overflow_temple_1_default, minmay_temple_entry_ruins
D:8:      layout_gridville, ashenzari_altar_1, mainiacjoe_overflow_two_lobes,
          nicolae_diode_intersection, uniq_prince_ribbit1
D:9:      layout_cave_pools
D:10:     minmay_skewed_foursquare, layout_loops_ring,
          kennysheep_generic_room_11
D:11:     layout_loops_cross, dpeg_lair_monsters, serial_shops, shop_fountains,
          portal_ice_cave_entry_ice_simulacra, yredelemnul_altar_generic
D:12:     layout_big_octagon, hiddenorc1_lemuel
D:13:     layout_long_grid, uniq_azrael
D:14:     layout_basic, david_vaults_4, amcnicky_mini_pool_small, serial_rivers,
          chequers_serial_rivers_large_a, chequers_serial_rivers_room_a,
          chequers_serial_rivers_room_a, chequers_serial_rivers_micro_b,
          chequers_serial_rivers_micro_b, chequers_serial_rivers_room_b
D:15:     gammafunk_enter_depths_forms, layout_basic, minmay_misc_feat_pillars,
          nicolae_specific_store, minivault_12
Temple:   nicolae_temple_ecumenical_triangle
Lair:1:   layout_loops_ring, grunt_megastairs_2
Lair:2:   nzn_winding_woodlands_medium [nzn_winding_woodlands_5x5_closed_star,
          nzn_winding_woodlands_5x15_pathside_ponds,
          nzn_winding_woodlands_hourglass, nzn_winding_woodlands_5x5_three,
          nzn_winding_woodlands_center_pierced_h,
          nzn_winding_woodlands_5x5_cross,
          nzn_winding_woodlands_5x5_checkerboard,
          nzn_winding_woodlands_5x15_sidewinder,
          nzn_winding_woodlands_5x5_perimeter], layout_cave_pods,
          beast_lair_carwin_5
Lair:3:   layout_concentric_octagons, swamp_mist,
          minmay_snake_entry_six_corridors, uniq_nergalle
Lair:4:   layout_loops_ring, slime_entry_2, serial_bayou_ford_a
Lair:5:   minmay_lair_end_frog_pond, layout_long_grid,
          chequers_serial_rivers_room_a
Swamp:1:  layout_falls_marsh, evilmike_swamp_ruin_rubble_2, swamp_pool_1_2
Swamp:2:  layout_basic_swamp, nicolae_swamp_ascending_descending, swamp_pool_5
Swamp:3:  layout_falls_marsh, evilmike_swamp_ruin_house_3,
          nicolae_swamp_decorative_isthmus, nicolae_swamp_long_stream
Swamp:4:  swamp, layout_basic_swamp, uniq_donald
Snake:1:  layout_cave_shapes, nicolae_shop_firing_range
Snake:2:  nicolae_snake_crotalidae_crossing, layout_basic, uniq_aizul,
          uniq_frances
Snake:3:  layout_rooms, guppyfry_snake_island, uniq_vashnia
Snake:4:  snake_pit, layout_misc_corridors
Orc:1:    layout_diamond_mine, serial_shops, nicolae_shop_window_shopping
Orc:2:    st_orc_town, layout_diamond_mine, basic_altar, nicolae_orc_bridge_out,
          minmay_orc_treasury, uniq_urug
Depths:1: layout_twisted_cross, serial_shops, nicolae_shop_just_a_little_nook,
          hell_entry, enter_trove_2, lemuel_round_altar, rand_demon_pan_entry_5,
          grunt_decor_cap, wad_floor_pattern_untrapped,
          nicolae_shop_i_like_big_books, minivault_16, st_stairs_14,
          chequers_serial_rivers_large_b, minmay_gold_behind_fungi, laboratory
Depths:2: spriggan_forest, serial_shops, hell_entry, abyss_entry, pan_entry,
          uniq_grunn
Hell

Skill      XL: |  1  2  3  4  5  6  7  8  9 10 11 12 13 14 15 16 17 18 19 |
---------------+----------------------------------------------------------+-----
Fighting       | 4 5 6 7 8 9 11 12 13 15 16 17 | 17.5
Axes           | 3 4 5 6 7 9 10 12 14 15 17 18 19 20 | 20.5
Armour         | 4 5 6 7 8 9 10 11 12 14 | 14.8
Evocations     | 1 2 3 4 6 7 9 10 | 10.3
Ranged Weapons | 1 3 4 5 6 7 8 9 10 11 12 13 | 13.5
Dodging        | 1 2 3 4 5 6 7 8 |  8.2
Staves         | 1 2 |  2.4
Maces & Flails | 1 |  1.9
Stealth        | 1 2 3 |  3.5
Conjurations   | 4 |  4.9
Throwing       | 1 2 |  2.8
Earth Magic    | 3 |  3.5
Hexes          | 4 |  4.6
Short Blades   | 3 8 9 |  9.2
Shields        | 6 |  6.5
Long Blades    | 4 7 |  7.0
Spellcasting   | |  0.3

Action                     |  1- 3 |  4- 6 |  7- 9 | 10-12 | 13-15 | 16-18 | 19-21 || total
---------------------------+-------+-------+-------+-------+-------+-------+-------++-------
  Melee: War axe           |    77 |    95 |       |       |       |       |       ||   172
         Hand axe          |       |     4 |    69 |       |     7 |    37 |     4 ||   121
         Lajatang          |       |       |    16 |       |       |       |       ||    16
         Morningstar       |       |       |    14 |     6 |     5 |     9 |       ||    34
         Battleaxe         |       |       |    90 |   264 |   491 |   365 |   235 ||  1445
         Shortbow          |       |       |       |       |     2 |       |       ||     2
         Quick blade       |       |       |       |       |       |   673 |    52 ||   725
         Punch             |       |       |       |       |       |     4 |       ||     4
         Double sword      |       |       |       |       |       |    46 |       ||    46
   Fire: Sling             |       |    32 |   101 |       |       |   208 |       ||   341
         Orcbow            |       |       |    42 |    67 |       |       |       ||   109
         Shortbow          |       |       |       |    60 |   709 |    99 |    42 ||   910
         Longbow           |       |       |       |       |       |    85 |    88 ||   173
  Throw: Stone             |     4 |       |       |       |       |       |       ||     4
         Throwing net      |       |     1 |       |       |       |       |       ||     1
         Dart              |       |       |       |     2 |     7 |     1 |     3 ||    13
         Boomerang         |       |       |       |       |    20 |     7 |    11 ||    38
         Javelin           |       |       |       |       |       |     5 |       ||     5
   Cast: Magic Dart        |       |       |       |       |     3 |       |       ||     3
 Invoke: Serpent's Lash    |       |       |       |       |     1 |     6 |     1 ||     8
         Heavenly Storm    |       |       |       |       |     1 |     1 |     1 ||     3
Ability: Evoke Blink       |     1 |     1 |       |       |       |       |     1 ||     3
         Lunge             |       |       |     2 |     6 |    40 |    82 |    20 ||   150
         Whirlwind         |       |       |       |     9 |    28 |    57 |    45 ||   139
         Wall Jump         |       |       |       |     4 |     8 |    18 |     2 ||    32
  Evoke: Wand              |       |       |     5 |     3 |     5 |     5 |     4 ||    22
         Tin of tremorston |       |       |       |       |     2 |     3 |     1 ||     6
         Phantom mirror    |       |       |       |       |       |     2 |     1 ||     3
    Use: Scroll            |     3 |     5 |    11 |    12 |    16 |    10 |     2 ||    59
         Potion            |       |     2 |       |     5 |     7 |    13 |     3 ||    30
   Stab: Sleeping          |       |       |       |     2 |     2 |       |       ||     4
         Distracted        |       |       |       |       |     1 |     1 |       ||     2
         Invisible         |       |       |       |       |     1 |       |       ||     1
         Confused          |       |       |       |       |       |       |     1 ||     1
 Armour: Scale mail        |    54 |    14 |       |       |       |       |       ||    68
         Ring mail         |       |    47 |   166 |   264 |   312 |       |       ||   789
         Acid dragon scale |       |       |       |       |   200 |       |       ||   200
         Crystal plate arm |       |       |       |       |     8 |  1009 |   405 ||  1422
  Dodge: Dodged            |    32 |    58 |   148 |   216 |   425 |   456 |   245 ||  1580
         Repelled          |       |       |       |       |       |    44 |    17 ||    61
  Block: Buckler           |    16 |    28 |    22 |       |       |       |       ||    66
         Kite shield       |       |       |       |       |       |   238 |       ||   238

Table legend: (Time is in decaauts)
 A = Elapsed time spent in this place.
 B = Non-inter-level travel time spent in this place.
 C = Inter-level travel time spent in this place.
 D = Time resting spent in this place.
 E = Time spent auto-exploring this place.
 F = Levels seen in this place.
 G = Mean time per level.
                   A        B        C        D        E       F      G
               +--------+--------+--------+--------+--------+-----+--------+
         Total |  60966 |  57865 |   3101 |  25029 |   9216 |  34 | 1793.1 |
       Dungeon |  24017 |  22610 |   1407 |   8998 |   5261 |  14 | 1715.5 |
        Temple |     40 |     40 |      0 |      0 |      0 |   1 |   40.0 |
          Lair |  11730 |  11018 |    712 |   5160 |   1520 |   5 | 2346.0 |
         Swamp |   5638 |   5601 |     37 |   2434 |    998 |   4 | 1409.5 |
     Snake Pit |   9616 |   9089 |    527 |   4632 |    569 |   4 | 2404.0 |
  Orcish Mines |   4409 |   4085 |    324 |   1337 |    335 |   2 | 2204.5 |
        Depths |   4906 |   4814 |     92 |   2197 |    476 |   2 | 2453.0 |
          Hell |      1 |      1 |      0 |      0 |      0 |   1 |    1.0 |
       Ossuary |    605 |    605 |      0 |    269 |     55 |   1 |  605.0 |
               +--------+--------+--------+--------+--------+-----+--------+

Top non-repeatable levels by time:
  Lair:2: 3674 daAuts
 Snake:4: 3425 daAuts
    D:10: 3259 daAuts
   Orc:2: 2943 daAuts
  Lair:3: 2802 daAuts
    D:15: 2752 daAuts
  Lair:4: 2639 daAuts
Depths:2: 2579 daAuts
 Snake:2: 2522 daAuts
 Swamp:3: 2505 daAuts
Depths:1: 2326 daAuts
    D:11: 2175 daAuts
    D:14: 2096 daAuts
    D:12: 2044 daAuts
 Snake:3: 1947 daAuts
